 Dungeon Crawl Stone Soup version 0.31-a0-986-g5e6e4ef867 (webtiles) character file.

Game seed: 1725581700660186047

100 jlumianski the Ruffian (level 4, -1/34 HPs)
             Began as a Gnoll Shapeshifter on Nov 9, 2023.
             Killed by divine providence
             ... invoked by an orc priest
              (16 damage)
             ... on level 2 of the Dungeon.
             The game lasted 00:05:31 (1108 turns).

jlumianski the Ruffian (Gnoll Shapeshifter)         Turns: 1108, Time: 00:05:31

Health: -1/34      AC:  5    Str: 15    XL:     4   Next: 74%
Magic:  5/5        EV: 12    Int:  9    God:
Gold:   53         SH:  0    Dex: 12    Spells: 5/5 levels left

rFire   . .          .
                       - Unarmed
rCold   . . .        (no shield)
rNeg    . . .        i - +0 ring mail
rPois   .            (helmet currently unavailable)
rElec   .            (cloak currently unavailable)
rCorr   .            (gloves currently unavailable)
SInv    .            (boots currently unavailable)
Will    .....        (no amulet)
Stlth   +            (no ring)
HPRegen 0.25/turn    (no ring)
MPRegen 0.09/turn

%: no passive effects
@: beast-form
A: beast (slay +3), fangs 1, strong nose, distributed training
a: Begin Untransformation


You were on level 2 of the Dungeon.
You were a hulking beast.
You visited 1 branch of the dungeon, and saw 2 of its levels.

You collected 53 gold pieces.

Inventory:

Hand Weapons
 g - a +0 vampiric short sword
 p - a +1 whip of freezing
Missiles
 f - 4 boomerangs
 j - 7 poisoned darts (quivered)
 m - 9 stones
Armour
 a - a +0 animal skin
 i - a +0 ring mail (worn)
 o - a +0 buckler
Talismans
 c - a beast talisman
 d - a flux talisman
Scrolls
 e - a scroll of blinking {unknown}
 k - a scroll of identify {unknown}
 l - a scroll of immolation {unknown}
Potions
 b - a potion of lignification
 h - a potion of enlightenment {unknown}
 n - a potion of curing {unknown}
 q - a potion of heal wounds {unknown}


   Skills:
 + Level 2.8 Fighting
 + Level 1.2 Short Blades
 + Level 1.2 Long Blades
 + Level 1.2 Axes
 + Level 1.2 Maces & Flails
 + Level 1.2 Polearms
 + Level 1.2 Staves
 + Level 1.2 Ranged Weapons
 + Level 1.2 Throwing
 + Level 1.2 Armour
 + Level 4.7 Dodging
 + Level 1.2 Stealth
 + Level 1.2 Shields
 + Level 6.6 Unarmed Combat
 + Level 1.2 Spellcasting
 + Level 1.0 Conjurations
 + Level 1.0 Hexes
 + Level 1.0 Summonings
 + Level 1.0 Necromancy
 + Level 1.0 Translocations
 + Level 1.0 Transmutations
 + Level 1.0 Fire Magic
 + Level 1.0 Ice Magic
 + Level 1.0 Air Magic
 + Level 1.0 Earth Magic
 + Level 1.0 Poison Magic
 + Level 1.4 Invocations
 + Level 1.2 Evocations
 + Level 6.6 Shapeshifting


You had 5 spell levels left.
You didn't know any spells.
Your spell library contained the following spells:

 Spells                   Type           Power      Damage    Failure   Level
 Vhi's Electric Charge    Tloc/Air       4%         N/A       99%         4
 Arcjolt                  Conj/Air       1%         1d11      100%        5
 Plasma Beam              Fire/Air       1%         2x1d11    100%        6


Dungeon Overview and Level Annotations

Branches:
Dungeon (2/15)

Altars:

Annotations:
D:2 Natasha


Innate Abilities, Weirdness & Mutations

You are a hulking beast.
Your limbs bulge with bestial killing power. (Slay +3)
You have very sharp teeth.
Your uncanny sense of smell can sniff out nearby items.
Your experience applies equally to all skills.


Message History

Robin hits you but does no damage.
You punch Robin!
You kill Robin!
Things that are here:
a +0 club; a +0 animal skin; a +0 helmet You see here a +0 club.
You pick up a book of Lightning and begin reading...
You add the spells Vhi's Electric Charge, Arcjolt and Plasma Beam to your library.
You start waiting.
A ball python zombie comes into view.
A ball python zombie is nearby!
The ball python zombie closely misses you.
The ball python zombie misses you.
You hit the ball python zombie. You punch the ball python zombie!
You destroy the ball python zombie!
You see here a +0 club.
You now have 53 gold pieces (gained 8).
An orc wizard and an orc come into view.
The orc wizard shouts!
The orc shouts!
A ball python comes into view.
The orc wizard casts a spell at you. The magic dart hits you.
The ball python moves out of view.
An orc and an orc priest come into view.
Found 15 gold pieces.
The orc priest moves out of view.
The orc wizard points at you and mumbles some strange words.
The magic dart hits you.
The ball python hisses angrily.
The ball python attacks as it pursues you!
The ball python barely misses you. x2
The ball python barely misses you. The ball python grabs you.
The ball python constricts you.
You escape the ball python's grasp.
The orc priest invokes the aid of Beogh against you.
Beogh smites you!
The orc wizard casts a spell.
The orc wizard flickers and vanishes!
Deactivating autopickup; reactivate with Ctrl-A.
The orc priest mumbles some strange prayers to Beogh against you.
Beogh smites you!
You die...

##...#### #............#
###....## #)...........#
####..####.##..#......#
######....#.##.........#
#.....###...##........#
#.....###...##........#
##.........÷.).........#
...$......).##.........#
............##.h.......#
#........#####..........#
g........# #.#So......#
<#.......# #..#........#
.#.......# #.###....##.#
.......... .. #.#o.# .#
♣♣♣....... .# #o#..# #
♣♣...h.... #.#..# ∆
..#....


You could see an orc priest, 2 orcs and a ball python.

Vanquished Creatures
  Robin (D:2)
  4 gnolls
  An adder skeleton (D:2)
  2 dart slugs
  4 ball pythons
  3 bats (D:1)
  A bat zombie (D:2)
  2 endoplasms (D:1)
  A giant cockroach (D:1)
  9 goblins
  6 hobgoblins
  2 quokkas (D:1)
  A ball python zombie (D:2)
  A frilled lizard (D:1)
  2 kobolds (D:1)
  3 rats (D:1)
43 creatures vanquished.

Notes
Turn   | Place    | Note
-------+----------+-------------------------------------------
     0 | D:1      | jlumianski the Gnoll Shapeshifter began the quest for the
                  | Orb.
     0 | D:1      | Reached XP level 1. HP: 17/17 MP: 1/1
   134 | D:2      | Noticed Robin
   142 | D:1      | Reached XP level 2. HP: 16/23 MP: 2/2
   370 | D:1      | Reached XP level 3. HP: 28/28 MP: 3/3
   737 | D:2      | Reached skill level 1 in Invocations
   768 | D:2      | Noticed Natasha
   769 | D:2      | Reached skill level 1 in Short Blades
   769 | D:2      | Reached skill level 1 in Long Blades
   769 | D:2      | Reached skill level 1 in Axes
   769 | D:2      | Reached skill level 1 in Maces & Flails
   769 | D:2      | Reached skill level 1 in Polearms
   769 | D:2      | Reached skill level 1 in Staves
   769 | D:2      | Reached skill level 1 in Ranged Weapons
   769 | D:2      | Reached skill level 1 in Throwing
   769 | D:2      | Reached skill level 1 in Armour
   769 | D:2      | Reached skill level 1 in Stealth
   769 | D:2      | Reached skill level 1 in Shields
   769 | D:2      | Reached skill level 1 in Spellcasting
   769 | D:2      | Reached skill level 1 in Evocations
   825 | D:1      | Reached XP level 4. HP: 11/34 MP: 5/5
  1039 | D:2      | Reached skill level 1 in Conjurations
  1039 | D:2      | Reached skill level 1 in Hexes
  1039 | D:2      | Reached skill level 1 in Summonings
  1039 | D:2      | Reached skill level 1 in Necromancy
  1039 | D:2      | Reached skill level 1 in Translocations
  1039 | D:2      | Reached skill level 1 in Transmutations
  1039 | D:2      | Reached skill level 1 in Fire Magic
  1039 | D:2      | Reached skill level 1 in Ice Magic
  1039 | D:2      | Reached skill level 1 in Air Magic
  1039 | D:2      | Reached skill level 1 in Earth Magic
  1039 | D:2      | Reached skill level 1 in Poison Magic
  1057 | D:2      | Killed Robin
  1108 | D:2      | Killed from afar by an orc priest

Illustrated notes

Levels and vault maps discovered:
D:1:      nzn_arrival_settlement, layout_basic, minmay_tetromino_i2
D:2:      layout_rooms, dilly_guarded_unrand_morg, uniq_robin

Skill      XL: |  1  2  3  4 |
---------------+-------------+-----
Invocations    | 1 |  1.4
Short Blades   | 1 |  1.2
Long Blades    | 1 |  1.2
Axes           | 1 |  1.2
Maces & Flails | 1 |  1.2
Polearms       | 1 |  1.2
Staves         | 1 |  1.2
Ranged Weapons | 1 |  1.2
Throwing       | 1 |  1.2
Armour         | 1 |  1.2
Stealth        | 1 |  1.2
Shields        | 1 |  1.2
Spellcasting   | 1 |  1.2
Evocations     | 1 |  1.2
Conjurations   | 1 |  1.0
Hexes          | 1 |  1.0
Summonings     | 1 |  1.0
Necromancy     | 1 |  1.0
Translocations | 1 |  1.0
Transmutations | 1 |  1.0
Fire Magic     | 1 |  1.0
Ice Magic      | 1 |  1.0
Air Magic      | 1 |  1.0
Earth Magic    | 1 |  1.0
Poison Magic   | 1 |  1.0
Fighting       | |  2.8
Dodging        | |  4.7
Unarmed Combat | |  6.6
Shapeshifting  | |  6.6

Action                     |  1- 3 |  4- 6 || total
---------------------------+-------+-------++-------
  Melee: Unarmed           |    69 |    20 ||    89
         Bite              |     3 |     2 ||     5
         Punch             |     2 |     3 ||     5
   Stab: Sleeping          |     1 |       ||     1
 Armour: Animal skin       |    17 |       ||    17
         Ring mail         |    27 |    19 ||    46
  Dodge: Dodged            |    60 |    12 ||    72

Table legend: (Time is in decaauts)
 A = Elapsed time spent in this place.
 B = Non-inter-level travel time spent in this place.
 C = Inter-level travel time spent in this place.
 D = Time resting spent in this place.
 E = Time spent auto-exploring this place.
 F = Levels seen in this place.
 G = Mean time per level.
                   A        B        C        D        E       F      G
               +--------+--------+--------+--------+--------+-----+--------+
         Total |   1105 |   1105 |      0 |    256 |    338 |   2 |  552.5 |
       Dungeon |   1105 |   1105 |      0 |    256 |    338 |   2 |  552.5 |
               +--------+--------+--------+--------+--------+-----+--------+

Top non-repeatable levels by time:
     D:1: 924 daAuts
     D:2: 181 daAuts
